 Dungeon Crawl Stone Soup version 0.22-a0-192-g6ffc940 (webtiles) character file.

9859 FrankyJ the Thaumaturge (level 11, -1/80 (81) HPs)
             Began as a Naga Venom Mage on Feb 15, 2018.
             Was a High Priest of Dithmenos.
             Slain by mordus's ghost (18 damage)
             ... on level 11 of the Dungeon on Feb 21, 2018.
             The game lasted 01:17:23 (14757 turns).

FrankyJ the Thaumaturge (Naga Venom Mage)          Turns: 14757, Time: 01:17:24

HP:   -1/80 (81)    AC:  8    Str: 11    XL:     11   Next: 53%
MP:   29/35         EV: 10    Int: 18    God:    Dithmenos [*****.]
Gold: 328           SH:  0    Dex: 12    Spells: 13/33 levels left

rFire    . . .     SeeInvis +   H - +4 dagger (venom)
rCold    + . .     Gourm    .   (no shield)
rNeg     . . .     Faith    .   t - +2 robe {rC+}
rPois    +         Spirit   .   a - +2 hat
rElec    .         Reflect  .   (no cloak)
rCorr    .         Harm     .   (no gloves)
MR       .....                  (no barding)
Stlth    ++++++++..             f - amulet of regeneration
HPRegen  0.63/turn              k - ring of stealth
MPRegen  0.24/turn              G - ring of magical power

@: vulnerable, wreathed by umbra, very slow
A: large, see invisible, deformed body, poison resistance, slowness 2, slow
metabolism 1, spit poison 1, AC +3
a: Spit Poison, Shadow Step, Shadow Form, Renounce Religion


You were on level 11 of the Dungeon.
You worshipped Dithmenos.
Dithmenos was extremely pleased with you.
You were not hungry.

You visited 2 branches of the dungeon, and saw 12 of its levels.

You collected 616 gold pieces.
You spent 288 gold pieces at shops.

Inventory:

Hand Weapons
 y - a +0 rapier
 H - a +4 dagger of venom (weapon)
Missiles
 r - 28 tomahawks (quivered)
Armour
 a - a +2 hat (worn)
 e - a +0 robe
 t - a +2 robe of cold resistance (worn)
 K - a +0 pair of gloves
Magical Staves
 O - an uncursed staff of power {unknown}
Jewellery
 d - an uncursed ring of protection from cold {unknown}
 f - an amulet of regeneration (around neck)
 k - a ring of stealth (left hand)
 G - a ring of magical power (right hand)
Wands
 j - a wand of enslavement (11)
 s - a wand of iceblast (9)
 u - a wand of paralysis (6)
Scrolls
 h - 8 scrolls of identify
 n - a scroll of random uselessness {unknown}
 p - 6 scrolls of teleportation {unknown}
 v - 3 scrolls of magic mapping {unknown}
 A - 2 scrolls of amnesia
 B - 2 scrolls of immolation {unknown}
 D - 3 scrolls of enchant weapon
 E - 2 scrolls of enchant armour {unknown}
 J - 2 scrolls of fear {unknown}
 L - 2 scrolls of remove curse
 P - a scroll of noise {unknown}
 S - a scroll of vulnerability {unknown}
Potions
 g - a potion of flight {unknown}
 i - 2 potions of mutation {unknown}
 l - 4 potions of heal wounds
 m - a potion of might {unknown}
 o - 2 potions of degeneration {unknown}
 q - a potion of berserk rage
 w - 4 potions of curing
 x - a potion of resistance {unknown}
 z - a potion of brilliance {unknown}
 C - 6 potions of lignification {unknown}
 F - 2 potions of haste
 Q - a potion of invisibility {unknown}
 R - 3 potions of ambrosia {unknown}
Books
 b - a Young Poisoner's Handbook

   Spells                             Type                      Level
   a - Sting                          Conjuration/Poison           1
   b - Poisonous Vapours              Poison/Air                   2
   c - Mephitic Cloud                 Conjuration/Poison/Air       3
   d - Olgreb's Toxic Radiance        Poison                       4
   e - Venom Bolt                     Conjuration/Poison           5
 I - a book of Maledictions

   Spells                             Type                      Level
   a - Corona                         Hexes                        1
   b - Ensorcelled Hibernation        Hexes/Ice                    2
   c - Confuse                        Hexes                        3
   d - Tukima's Dance                 Hexes                        3
   e - Dazzling Spray                 Conjuration/Hexes            3
Comestibles
 c - 14 rations


   Skills:
 - Level 6.0 Short Blades
 - Level 2.0 Dodging
 - Level 10.0 Stealth
 + Level 11.8 Spellcasting
 - Level 5.0 Conjurations
 - Level 4.2 Hexes
 - Level 8.0 Poison Magic


You had 13 spell levels left.
You knew the following spells:

 Your Spells              Type           Power        Failure   Level  Hunger
a - Sting                 Conj/Pois      ####         1%          1    None
b - Poisonous Vapours     Pois/Air       ####..       1%          2    None
c - Mephitic Cloud        Conj/Pois/Air  ####....     3%          3    None
d - Venom Bolt            Conj/Pois      ####......   12%         5    ####...
e - Olgreb's Toxic Radia  Pois           #####...     2%          4    ##.....
f - Ensorcelled Hibernat  Hex/Ice        ###...       4%          2    None
g - Confuse               Hex            ####....     3%          3    None


Dungeon Overview and Level Annotations

Branches:
Dungeon (11/15)            Temple (0/1) D:6            Lair (0/6) D:9
    Orc (1/2) D:10

Altars:
Dithmenos
Fedhas
Makhleb
Nemelex Xobeh
Qazlal
Xom
Yredelemnul
Zin

Shops:
D:7 }   D:10 !   Orc:1 %

Annotations:
D:9 indyram44's ghost, novice TrMo
D:10 exclusions: wight and 1 more exclusion, Fannar
D:11 mordus's ghost, journeyman MiBe


Innate Abilities, Weirdness & Mutations

You cannot wear boots.
Your serpentine skin is tough. (AC +3)
You have supernaturally acute eyesight. (SInv)
Armour fits poorly on your strangely shaped body.
Your system is resistant to poisons. (rPois)
You cover ground very slowly.
You have a slow metabolism.
You can spit poison.


Message History

Where to? (? - help)
What level of the Dungeon? (default 1, ? - help)
There is an open door here.
There is an open door here.
Things that are here:
a short sword; a scale mail
There is a stone staircase leading down, spattered with blood here.
You climb downwards.
Level annotation: mordus's ghost, journeyman MiBe A skeletal warrior comes into view.
It is wielding a hand axe.
The wraith barely misses you. The phantasmal warrior hits you!
Your magical defenses are stripped away!
Mordus's ghost hits you!
You feel your power leaking away. The wraith hits you.
The phantasmal warrior hits you!!
* * * LOW HITPOINT WARNING * * *
You emit a cloud of dark smoke.
There is a stone staircase leading up, spattered with blood here.
Mordus's ghost hits you!!
You die...

.....................###......
.........................#.......
............#....................
...........###...................
............#....................
..........zp.....................
...............§.§§.............÷
.............9.W§W§..............
.........e.e...W@§§..............
...##############################
§..# ...# ...# ####


You could see a death knight, a skeletal warrior, a phantasmal warrior, 2 deep
elf magi, a wraith, a gargoyle and mordus's ghost.

Vanquished Creatures
  A two-headed ogre (D:10)
  2 unseen horrors (D:11)
  A deep elf mage (D:10)
  Psyche (D:10)
  A kobold demonologist (D:10)
  3 hippogriffs
  6 yaks (D:10)
  2 wargs
  A hungry ghost (D:6)
  2 water moccasins
  2 sky beasts
  10 orc warriors
  A black bear (D:6)
  2 necrophages
  An eye of draining (D:9)
  3 ogres
  5 centaurs
  A crocodile (D:7)
  2 big kobolds
  4 bullfrogs
  A wyvern skeleton (D:6)
  3 scorpions
  7 killer bees
  10 wights
  3 howler monkeys
  A crimson imp (D:6)
  A quasit (D:11)
  3 bullfrog zombies
  15 orc priests
  2 jellies
  A centaur skeleton (D:6)
  A bullfrog skeleton (D:11)
  A gnoll shaman (D:3)
  4 hounds
  7 orc wizards
  6 iguanas
  8 worker ants
  A hound zombie (D:10)
  A hound skeleton (D:5)
  2 worker ant zombies
  10 gnolls
  8 adders
  A shadow imp (D:4)
  An ooze (D:3)
  An adder skeleton (D:5)
  2 worms (D:4)
  4 dart slugs
  12 leopard geckos
  58 orcs
  2 ball pythons
  2 giant cockroaches
  8 hobgoblins
  15 jackals
  4 quokkas
  6 bats
  5 frilled lizards
  10 goblins
  A jackal skeleton (D:5)
  A jackal zombie (D:7)
  16 kobolds
  A leopard gecko skeleton (D:6)
  A leopard gecko zombie (D:6)
  8 rats
  A spectral orc (D:4)
  A plant (D:6)
308 creatures vanquished.

Vanquished Creatures (collateral kills)
  4 wights
4 creatures vanquished.

Vanquished Creatures (others)
  A wight (Orc:1)
  A fungus (D:9)
  A plant (D:9)
3 creatures vanquished.

Grand Total: 315 creatures vanquished

Notes
Turn   | Place    | Note
-------+----------+-------------------------------------------
     0 | D:1      | FrankyJ the Naga Venom Mage began the quest for the Orb.
     0 | D:1      | Reached XP level 1. HP: 15/15 MP: 3/3
   245 | D:1      | Reached XP level 2. HP: 22/22 MP: 1/5
   618 | D:1      | Reached skill level 5 in Stealth
   668 | D:1      | Reached XP level 3. HP: 25/28 MP: 3/6
  1198 | D:1      | Learned a level 2 spell: Poisonous Vapours
  1202 | D:1      | Learned a level 3 spell: Mephitic Cloud
  1528 | D:2      | Found a glowing silver altar of Zin.
  1614 | D:2      | Upgraded the game from 0.22-a0-189-g981819d to 0.22-a0-192-g6ffc940
  2004 | D:2      | Reached XP level 4. HP: 36/36 MP: 5/8
  2157 | D:2      | Reached skill level 3 in Spellcasting
  2325 | D:3      | Reached XP level 5. HP: 33/42 MP: 0/10
  2513 | D:3      | Reached skill level 4 in Spellcasting
  2949 | D:3      | Found a stormy altar of Qazlal.
  3054 | D:4      | Found a shadowy altar of Dithmenos.
  3107 | D:4      | Became a worshipper of Dithmenos the Shadowed
  3168 | D:4      | Reached XP level 6. HP: 4/49 MP: 2/12
  3179 | D:4      | HP: 2/49 [gnoll shaman/whip (2)]
  4031 | D:4      | Found a basalt altar of Yredelemnul.
  4090 | D:4      | Reached skill level 5 in Conjurations
  4090 | D:4      | Reached XP level 7. HP: 17/55 MP: 8/13
  4694 | D:4      | Reached skill level 5 in Poison Magic
  4851 | D:4      | Found a shimmering altar of Xom.
  4931 | D:5      | Entered Level 5 of the Dungeon
  4980 | D:5      | Learned a level 5 spell: Venom Bolt
  5293 | D:5      | Reached * piety under Dithmenos
  5562 | D:5      | Reached XP level 8. HP: 62/62 MP: 10/14
  5575 | D:5      | Learned a level 4 spell: Olgreb's Toxic Radiance
  6177 | D:5      | Found a burning altar of Makhleb.
  6502 | D:6      | Found a staircase to the Ecumenical Temple.
  6600 | D:6      | Reached skill level 10 in Stealth
  6707 | D:6      | Found a sparkling altar of Nemelex Xobeh.
  6748 | D:6      | Reached ** piety under Dithmenos
  7076 | D:6      | Reached skill level 5 in Spellcasting
  7076 | D:6      | Reached XP level 9. HP: 68/68 MP: 8/17
  7080 | D:6      | Learned a level 2 spell: Ensorcelled Hibernation
  7426 | D:6      | Reached skill level 6 in Spellcasting
  7884 | D:6      | Reached skill level 7 in Spellcasting
  8093 | D:7      | Reached skill level 1 in Hexes
  8444 | D:7      | Learned a level 3 spell: Confuse
  8529 | D:7      | Found Zejod's Gadget Shop.
  8773 | D:7      | Reached *** piety under Dithmenos
  8918 | D:7      | Found a shadowy altar of Dithmenos.
  8993 | D:7      | Found a blossoming altar of Fedhas.
  9043 | D:7      | Reached skill level 8 in Spellcasting
  9389 | D:8      | Reached XP level 10. HP: 75/75 MP: 22/22
 10043 | D:8      | Reached skill level 9 in Spellcasting
 10683 | D:9      | Found a staircase to the Lair.
 10692 | D:9      | Reached skill level 1 in Short Blades
 11218 | D:9      | Reached **** piety under Dithmenos
 11240 | D:9      | Noticed indyram44's ghost (novice TrMo)
 11321 | D:9      | Found Motrusat's Armour Boutique.
 11599 | D:10     | Entered Level 10 of the Dungeon
 11756 | D:10     | Found Oroliock's Distillery.
 11769 | D:10     | Bought a potion of heal wounds for 80 gold pieces
 11769 | D:10     | Bought a potion of haste for 160 gold pieces
 11769 | D:10     | Bought a potion of curing for 48 gold pieces
 11771 | D:10     | Noticed Fannar
 12204 | D:10     | Reached skill level 5 in Short Blades
 12689 | D:10     | Noticed a two-headed ogre
 12693 | D:10     | Reached skill level 10 in Spellcasting
 12702 | D:10     | Killed a two-headed ogre
 12702 | D:10     | Reached XP level 11. HP: 65/81 MP: 15/25
 12899 | D:10     | Found a staircase to the Orcish Mines.
 12908 | Orc:1    | Entered Level 1 of the Orcish Mines
 12908 | Orc:1    | Found Laetsec's Food Emporium.
 13409 | Orc:1    | Noticed an orc knight
 13587 | D:11     | Noticed mordus's ghost (journeyman MiBe)
 13740 | D:11     | Noticed Psyche
 13757 | D:10     | Killed Psyche
 13946 | Orc:1    | Noticed an orc sorcerer
 14114 | D:10     | Reached skill level 11 in Spellcasting
 14288 | D:11     | Noticed an unseen horror
 14288 | D:11     | Noticed an unseen horror
 14301 | D:11     | Killed an unseen horror
 14412 | D:11     | Killed an unseen horror
 14507 | D:11     | Reached ***** piety under Dithmenos
 14632 | D:11     | Noticed a deep elf mage
 14634 | D:11     | Noticed a deep elf mage
 14636 | D:11     | Noticed a deep elf mage
 14646 | D:11     | Noticed a phantasmal warrior
 14649 | D:11     | Noticed a deep elf mage
 14649 | D:11     | Noticed a death knight
 14654 | D:10     | Killed a deep elf mage
 14756 | D:11     | Noticed a skeletal warrior
 14757 | D:11     | Slain by mordus's ghost

Vault maps used:
D:1:      lemuel_arrival_hallway
D:2:      zin_academy
D:3:      nicolae_qazlal_general_emergency
D:4:      yredelemnul_forgotten_temple_becter, nicolae_overflow_crystal_walls,
          led_xom_imps, st_stairs_8, kennysheep_generic_room_15
D:5:      nicolae_overflow_hidden_temple, first_ration
D:6:      nemelex_altar_shiori, minmay_temple_entry_overgrown,
          hangedman_abyss_or_decor_stabs, lemuel_flamethrower_1
D:7:      kennysheep_little_box, serial_shops, kennysheep_mini_moat,
          nicolae_dithmenos_the_darkroom
D:8:      grunt_ogre_cave
D:9:      dpeg_oklobed_lair, serial_shops, nicolae_shop_behind_doors
D:10:     david_orc_4, serial_shops, nicolae_shop_stone,
          kennysheep_generic_room_7, uniq_fannar
D:11:     elves_outpost_lemuel, uniq_psyche
Orc:1:    serial_shops, nicolae_shop_behind_doors, nicolae_shop_waterfront,
          shop, nicolae_orc_sculptors_studio

Skill      XL: |  1  2  3  4  5  6  7  8  9 10 11 |
---------------+----------------------------------+-----
Stealth        | 4 5 10 | 10.0
Dodging        | 2 |  2.0
Spellcasting   | 3 4 5 8 10 11 | 11.8
Conjurations   | 3 5 |  5.0
Poison Magic   | 7 8 |  8.0
Hexes          | 4 |  4.2
Short Blades   | 6 |  6.0

Action                   |  1- 3 |  4- 6 |  7- 9 | 10-12 || total
-------------------------+-------+-------+-------+-------++-------
Melee: Unarmed           |    10 |       |       |       ||    10
       Short sword       |    34 |    21 |       |       ||    55
       Rapier            |       |    29 |    66 |       ||    95
       Dagger            |       |       |   170 |   230 ||   400
Throw: Tomahawk          |       |       |     3 |     3 ||     6
 Cast: Sting             |    49 |    16 |    58 |     5 ||   128
       Poisonous Vapours |    12 |    48 |   106 |    68 ||   234
       Mephitic Cloud    |       |       |     8 |    15 ||    23
       Venom Bolt        |       |       |     4 |    12 ||    16
       Ensorcelled Hiber |       |       |    11 |    22 ||    33
       Olgreb's Toxic Ra |       |       |       |     5 ||     5
       Confuse           |       |       |       |    19 ||    19
 Abil: Spit Poison       |       |       |     2 |     1 ||     3
Evoke: Wand              |       |       |     8 |    10 ||    18
  Use: Scroll            |     5 |     2 |       |     3 ||    10
       Potion            |       |       |     1 |       ||     1
 Stab: Sleeping          |     3 |     5 |    15 |    21 ||    44
       Confused          |       |       |     1 |     7 ||     8
  Eat: Chunk             |     4 |     6 |    12 |    19 ||    41
       Ration            |       |       |     5 |       ||     5
Armor: Robe              |    11 |    35 |   100 |    93 ||   239
Dodge: Dodged            |    28 |    65 |   164 |   183 ||   440

Table legend:
 A = Spawn XP
 B = Non-spawn XP
 C = Spawn XP percentage of total XP
 D = Spawn monster count
 E = Non-spawn monster count
 F = Spawn count percentage of total count
 G = Total turns spent on level
                    A         B        C        D         E        F      G
               +---------+---------+-------+---------+---------+-------+---------
         Total |       0 |   14085 |   0.0 |       0 |     311 |   0.0 | 14757
               +---------+---------+-------+---------+---------+-------+---------
           D:1 |       0 |      58 |   0.0 |       0 |      33 |   0.0 |  1443
           D:2 |       0 |      30 |   0.0 |       0 |      17 |   0.0 |   886
           D:3 |       0 |     187 |   0.0 |       0 |      25 |   0.0 |  1248
           D:4 |       0 |     517 |   0.0 |       0 |      30 |   0.0 |  1354
           D:5 |       0 |     781 |   0.0 |       0 |      37 |   0.0 |  1505
           D:6 |       0 |    1669 |   0.0 |       0 |      34 |   0.0 |  1537
           D:7 |       0 |    1667 |   0.0 |       0 |      35 |   0.0 |  1643
           D:8 |       0 |    1268 |   0.0 |       0 |      27 |   0.0 |  1147
           D:9 |       0 |     935 |   0.0 |       0 |      10 |   0.0 |  1024
          D:10 |       0 |    4995 |   0.0 |       0 |      50 |   0.0 |  2401
          D:11 |       0 |    1705 |   0.0 |       0 |       8 |   0.0 |   449
         Orc:1 |       0 |     273 |   0.0 |       0 |       5 |   0.0 |   120
               +---------+---------+-------+---------+---------+-------+---------
